 Dungeon Crawl Stone Soup version 0.31.0-1-g2c135a008e (webtiles) character file.

Game seed: 17628152223867886774

190 qw the Shooter (level 6, -1/46 HPs)
             Began as a Djinni Hunter on Jan 23, 2024.
             Slain by an orc wizard
             ... wielding a +1 dagger of freezing
              (2 damage)
             ... on level 7 of the Dungeon.
             The game lasted 00:00:09 (2288 turns).

qw the Shooter (Djinni Hunter)                      Turns: 2288, Time: 00:00:10

Health: -1/46      AC:  8    Str: 16    XL:     6   Next: 1%
Gold:   175        EV: 12    Int: 10    God:
                   SH:  0    Dex: 19

rFire   + + .        a - +0 shortbow (drain)
rCold   . . .        (shield currently unavailable)
rNeg    . . .        b - +1 ring mail {rC+}
rPois   inf          g - +2 hat
rElec   .            (no cloak)
rCorr   .            (no gloves)
SInv    .            (boots unavailable)
Will    .....        (no amulet) Stlth
                     f - +6 ring of strength
HPRegen 0.27/turn    (no ring)
MPRegen 0.00/turn

%: infuse magic (-2 HP)
@: confused, flying
A: sickness immunity, fire resistance 2, cold vulnerability 1, float, innate
caster, HP casting, extra vitality 1
a: no special abilities


You were on level 7 of the Dungeon.
You visited 1 branch of the dungeon, and saw 5 of its levels.

You collected 175 gold pieces.


Innate Abilities, Weirdness & Mutations

You are immune to sickness and miasma.
You are immune to poison.
Your flesh is very heat resistant. (rF++)
You are vulnerable to cold. (rC-)
You float through the air rather than walking.
You learn spells naturally, not from books.
Your magical power is your life essence.
You have superior vitality. (+4 MHP)


   Skills:
 - Level 3.0 Fighting
 + Level 4.8 Ranged Weapons
 - Level 1.0 Armour
 - Level 3.0 Dodging
 - Level 0.7 Stealth


You knew the following spells:

 Your Spells              Type           Power      Damage    Failure   Level
a - Sting                 Conj/Alch      0%         1d3       58%         1
b - Ensorcelled Hibernat  Hex/Ice        0%         N/A       73%         2
Your spell library was empty.

Inventory:

Hand Weapons
 a - a +0 shortbow of draining (weapon)
Armour
 b - a +1 ring mail of cold resistance (worn)
 g - a +2 hat (worn)
Jewellery
 f - a +6 ring of strength (left hand)
Potions
 h - a potion of mutation
 i - 2 potions of resistance
 l - a potion of haste
 p - a potion of enlightenment {unknown}

Dungeon Overview and Level Annotations

Branches:
Dungeon (4/15)
 Temple: D:4-7

Altars:
Nemelex Xobeh

Shops:
D:1 (


Message History

The orc priest misses you. Something hits you but does no damage.
The orc priest misses you. Something hits you. Something freezes you.
The orc priest barely misses you. Something hits you but does no damage.
The orc priest closely misses you. Something hits you. Something freezes you.
You feel less confused.
The orc priest hits you but does no damage.
Something hits you but does no damage.
You shoot an arrow. The arrow barely misses the orc priest.
The orc priest invokes the aid of Beogh against you.
Pain shoots through your body! Something hits you. Something freezes you.
You shoot an arrow. The arrow barely misses the orc priest.
The orc priest hits you with a +0 dagger.
Something completely misses you.
You shoot an arrow. The arrow hits the orc priest.
The orc priest is moderately wounded.
The orc priest hits you but does no damage.
Something hits you. Something freezes you.
The orc priest hits you with a +0 dagger.
Something hits you but does no damage.
You shoot an arrow. The arrow hits the orc priest!
You drain the orc priest.
You kill the orc priest!
An orc wizard appears from thin air!
Reactivating autopickup.
The orc wizard points at you and mumbles some strange words.
The puff of flame hits you. You resist. The hound barely misses you.
You have reached level 6!
You shoot an arrow. The arrow barely misses the orc wizard.
The hound bites you but does no damage. The orc wizard barely misses you.
The hound barely misses you.
You shoot an arrow. The arrow hits the orc wizard.
The orc wizard is almost dead.
The orc wizard gestures at you while chanting.
You are confused.
The hound bites you but does no damage. The hound barely misses you.
The orc wizard hits you but does no damage.
The hound barely misses you.
The orc wizard hits you with a +1 dagger of freezing.
The orc wizard freezes you.
You die...

## . .#
###.#
#oh.#
#@#..o..h
#.# #o#.#
#.#.# ..
#.#.# #
#.#.#
#.#.###
#.#...##
#...#..#
#..###.#


You could see a hound and an orc wizard.

Vanquished Creatures
  2 orc priests (D:7)
  3 adders
  A shadow imp (D:4)
  6 dart slugs
  2 orcs
  10 bats
  9 endoplasms
  3 giant cockroaches (D:2)
  6 goblins
  9 hobgoblins
  8 jackals
  3 quokkas
  6 ball pythons
  2 frilled lizards
  8 rats
78 creatures vanquished.

Notes
Turn   | Place    | Note
-------+----------+-------------------------------------------
     0 | D:1      | qw the Djinni Hunter began the quest for the Orb.
     0 | D:1      | Reached XP level 1. HP: 18/18 MP: 0/0
     0 | D:1      | 0 ||| qw: Version: 0.3-a-136-gdd3b4e8
     0 | D:1      | 0 ||| qw: Game counter: 1025
     0 | D:1      | 0 ||| qw: Melee chars always use a shield: true
     0 | D:1      | 0 ||| qw: God list: Okawaru
     0 | D:1      | 0 ||| qw: Allow faded altars: false
     0 | D:1      | 0 ||| qw: Do Orc after clearing Dungeon:15 true
     0 | D:1      | 0 ||| qw: Do second Lair branch before Depths: true
     0 | D:1      | 0 ||| qw: Lair rune preference: random
     0 | D:1      | 0 ||| qw: Goals: Normal
     0 | D:1      | 0 ||| PLANNING D:1-11
    46 | D:1      | Reached XP level 2. HP: 23/23 MP: 0/0
   136 | D:1      | Reached skill level 4 in Ranged Weapons
   136 | D:1      | Reached XP level 3. HP: 28/28 MP: 0/0
   136 | D:1      | Learned a level 1 spell: Sting
   301 | D:1      | Found Ille Pem's Antique Weapon Shoppe.
   331 | D:1      | 331 ||| SHOPLISTING glowing sling (76 gold, have 35).
   542 | D:1      | 542 ||| UPGRADING to +0 ring mail.
   552 | D:1      | 552 ||| DROPPING +0 leather armour.
   553 | D:1      | 553 ||| UPGRADING to +2 hat.
   558 | D:1      | 558 ||| READING 3 scrolls labelled QEQUIH POELUO.
   558 | D:1      | 558 ||| IDENTIFYING coppery potion
   559 | D:1      | 559 ||| READING 2 scrolls of identify.
   559 | D:1      | 559 ||| IDENTIFYING viscous orange potion
   560 | D:1      | 560 ||| READING scroll of identify.
   560 | D:1      | 560 ||| IDENTIFYING sapphire potion
   561 | D:1      | 561 ||| READING scroll labelled FESHRI ICAOMILE.
   562 | D:1      | 562 ||| READING scroll labelled YNERHO NUSIUKK.
   562 | D:1      | 562 ||| BRANDING +0 shortbow.
   563 | D:1      | 563 ||| READING scroll labelled EHACRA MEMU.
   564 | D:1      | 564 ||| READING scroll labelled AVOTWO BOANT.
   565 | D:1      | 565 ||| DROPPING scroll of butterflies.
   566 | D:1      | 566 ||| DROPPING potion of attraction.
   567 | D:1      | 567 ||| DROPPING potion of brilliance.
   590 | D:2      | Reached XP level 4. HP: 34/34 MP: 0/0
   597 | D:2      | Reached skill level 1 in Armour
   637 | D:2      | Reached skill level 3 in Fighting
  1030 | D:2      | 1030 ||| UPGRADING to +1 ring mail of cold resistance.
  1040 | D:2      | 1040 ||| DROPPING +0 ring mail.
  1041 | D:2      | 1041 ||| READING 2 scrolls of identify.
  1041 | D:2      | 1041 ||| IDENTIFYING orange potion
  1042 | D:2      | 1042 ||| READING scroll of identify.
  1042 | D:2      | 1042 ||| IDENTIFYING fuming pink potion
  1043 | D:2      | 1043 ||| READING scroll labelled QEATTI ARIRA.
  1046 | D:2      | 1046 ||| DRINKING 2 pink potions.
  1256 | D:3      | Found a sparkling altar of Nemelex Xobeh.
  1262 | D:3      | Reached XP level 5. HP: 40/40 MP: 0/0
  1262 | D:3      | Learned a level 2 spell: Ensorcelled Hibernation
  1892 | D:3      | 1892 ||| UPGRADING to +6 ring of strength.
  1893 | D:3      | 1893 ||| READING scroll labelled SAZAG AKIUSAE.
  1994 | D:3      | 1994 ||| READING scroll labelled OPOUNG WEAG.
  1994 | D:3      | 1994 ||| ENCHANTING +0 shortbow of draining.
  1995 | D:3      | 1995 ||| DRINKING 2 dark potions.
  2104 | D:4      | Reached skill level 3 in Dodging
  2233 | D:4      | You are sucked into a shaft and drop 3 floors!
  2253 | D:7      | 2253 ||| DRINKING 3 potions of curing.
  2253 | D:7      | 2253 ||| (to cure confusion)
  2254 | D:7      | 2254 ||| RETREEEEATING.
  2264 | D:7      | HP: 10/40 [something (1)]
  2265 | D:7      | 2265 ||| DRINKING potion of heal wounds.
  2270 | D:7      | 2270 ||| DRINKING 2 potions of curing.
  2270 | D:7      | 2270 ||| (to cure confusion)
  2271 | D:7      | 2271 ||| DRINKING potion of curing.
  2271 | D:7      | 2271 ||| (to cure confusion)
  2282 | D:7      | HP: 8/40 [orc priest/+0 dagger (3)]
  2284 | D:7      | HP: 3/40 [orc wizard/puff of flame (2)]
  2285 | D:7      | Reached XP level 6. HP: 3/46 MP: 0/0
  2288 | D:7      | HP: 1/46 [orc wizard/+1 dagger of freezing (3)]
  2288 | D:7      | Slain by an orc wizard

Levels and vault maps discovered:
D:1:      grunt_arrival_lava_bath, layout_rooms, serial_shops, shop
D:2:      layout_rooms
D:3:      layout_basic, nemelex_dance_club_becter
D:4:      layout_cave_pools, gammafunk_temple_overflow_pools,
          minmay_temple_entry_glassed_door, uniq_sigmund
D:7:      layout_loops_ring, lemuel_doored_altar, zin_angel

Skill      XL: |  1  2  3  4  5 |
---------------+----------------+-----
Ranged Weapons | 4 |  4.8
Armour         | 1 |  1.0
Fighting       | 3 |  3.0
Dodging        | 3 |  3.0
Stealth        | |  0.7

Action                     |  1- 3 |  4- 6 || total
---------------------------+-------+-------++-------
   Fire: Shortbow          |    92 |   116 ||   208
    Use: Scroll            |     7 |     5 ||    12
         Potion            |       |     6 ||     6
 Armour: Leather armour    |    13 |       ||    13
         Ring mail         |       |    78 ||    78
  Dodge: Dodged            |    20 |    65 ||    85

Table legend:
 A = Non-vault XP
 B = Vault XP
 C = Vault XP percentage of total XP
 D = Non-vault monster count
 E = Vault monster count
 F = Vault count percentage of total count
                 A         B        C        D         E       F
            +---------+---------+-------+---------+---------+-------
      Total |     267 |       5 |   1.8 |      76 |       2 |   2.6
            +---------+---------+-------+---------+---------+-------
        D:1 |      65 |       0 |   0.0 |      33 |       0 |   0.0
        D:2 |      63 |       0 |   0.0 |      28 |       0 |   0.0
        D:3 |      11 |       5 |  31.2 |       6 |       2 |  25.0
        D:4 |      43 |       0 |   0.0 |       6 |       0 |   0.0
        D:7 |      85 |       0 |   0.0 |       3 |       0 |   0.0
            +---------+---------+-------+---------+---------+-------
